[Event "*** Titled Tuesday Blitz"]
[Site "Chess.com"]
[Date "2021.03.30"]
[Round "7"]
[White "NateSolon"]
[Black "Abund"]
[Result "1/2-1/2"]
[WhiteElo "2574"]
[BlackElo "2733"]
[TimeControl "180+1"]
[EndTime "11:20:34 PDT"]
[Termination "Game drawn by repetition"]

1. d4 Nf6 2. c4 g6 3. g3 c6 4.
Bg2 d5 5. Nf3 Bg7 6. O-O O-O 7.
Ne5 Nbd7 8. Nxd7 Bxd7 9. cxd5 cxd5 10. Nc3 Bc6 11. Bf4 Qb6 12. Rb1 Rfd8 13. b4 Rac8 14. b5 Be8 15. Na4 Qa5 16. Bd2 Qc7 17. Bf4 Qa5 18.
Bd2 Qc7 19. Qb3 b6 20. Rfc1 Qd7 21. Nc3 e6 22. a4 Rc4 23. e3 Rdc8 24. Bf1 R4c7 25.
Bd3 Bf8 26. Ne2 Qd6 27. Rxc7 Rxc7 28. Rc1 Rxc1+ 29. Nxc1 Qc7 30. Na2 Ne4 31. Bxe4 dxe4 32. Nc3 Bd7 33. Nxe4 Bc8 34. Nf6+ Kh8 35. d5 Qe7 36.
Bc3 Bg7 37. Ne4 e5 38. Qc4 Bb7 39. d6 Qd7 40. Qc7 Bc8 41. f4 f6 42. Kf2 Kg8 43.
Qc4+ Qe6 44. Qxe6+ Bxe6 45. fxe5 fxe5 46. Ng5 Bd7 47.
Nf3 e4 48. Bxg7 exf3 49. Bd4 Kf7 50. Kxf3 Ke6 51. e4 Bc8 52. Ke3 Bd7 53. e5 Kd5 54.
Bb2 Ke6 55. Kf4 h6 56. Ke4 Bc8 57. Kd4 Bb7 58. Bc1 g5 59. h4 gxh4 60. gxh4 h5 61. Bg5 Bf3 62. Bd8 Bd1 63. Bc7 Bxa4 64. Kc4 Bd1 65. Bb8 a6 66. bxa6 Be2+ 67. Kd4 Bxa6 68.
Ba7 b5 69. Bc5 Bb7 70. Bb4 Bc8 71. Bc3 Bd7 72. Kc5 Be8 73. Kd4 Bd7 74. Ke3 Be8 75.
Kf4 Bf7 76. Kg5 Be8 77. Kh6 Kf5 78. Kg7 Ke6 79. Kf8 Bc6 80. Kg7 Bd7 81. Kg6 Be8+ 82. Kg5 Bf7 83. Kf4 Be8 84. Ke3 Bc6 85. Kd4 Bd7 1/2-1/2

[Event "*** Titled Tuesday Blitz"]
[Site "Chess.com"]
[Date "2021.03.30"]
[Round "7"]
[White "jaskol95"]
[Black "OriTaichman"]
[Result "1/2-1/2"]
[WhiteElo "2418"]
[BlackElo "2539"]
[TimeControl "180+1"]
[EndTime "11:20:35 PDT"]
[Termination "Game drawn - insufficient material"]

1. d4 Nf6 2. Bf4 g6 3. Nc3 d5 4.
e3 Bg7 5. h4 O-O 6. h5 c5 7. hxg6 hxg6 8. Nf3 Nc6 9. Qd2 Ne4 10.
Nxe4 dxe4 11. Ne5 cxd4 12. Nxc6 bxc6 13. exd4 Qxd4 14. Qxd4 Bxd4 15. O-O-O c5 16. Bc4 Bg4 17. Rxd4 cxd4 18. Be5 Bh5 19. g4 Rfc8 20. Bd5 Rc5 21. Bxa8 Rxe5 22. gxh5 gxh5 23. Rd1 e3 24. f4 Re6 25.
Bd5 Rd6 26. Bf3 h4 27. Rh1 Rh6 28. Kd1 h3 29. Rh2 Rh4 30. Ke2 Rxf4 31. Rxh3 e5 32. Rg3+ Kf8 33. Rg4 Rf5 34. c3 dxc3 35. bxc3 Ke7 36.
Kxe3 Rf6 37. Ra4 a6 38. Bb7 Rb6 39. Bxa6 f5 40. Bd3 e4 41. Bc4 Rb2 42. Ra5 Kf6 43. Bd5 Rc2 44. c4 Rc3+ 45. Ke2 Ke5 46. Bb7+ Kf4 47. Bc8 Rc2+ 48. Kd1 Rh2 49. Bxf5 Ke3 50.
Bxe4 Kxe4 51. c5 Kd3 52. Kc1 Kc3 53. Kd1 Kd3 54. Ke1 Ke3 55. Kf1 Kf3 56. Kg1 Rc2 57. Ra3+ Ke4 58. Ra5 Kd5 59. Ra8 Rxc5 60. Kf1 Rc2 61. Ke1 Kd4 62. Kd1 Rh2 63. Kc1 Kc3 64. Rc8+ Kb4 65. Rb8+ Ka3 66. Ra8+ Kb4 67. a4 Kc3 68.
Kd1 Kd3 69. Ke1 Ke3 70. Kf1 Kf3 71. Kg1 Rg2+ 72. Kh1 Ra2 73. a5 Kg3 74. Rg8+ Kf3 75. Rg5 Ra1+ 76. Kh2 Ra2+ 77. Kh3 Ra1 78. Rg3+ Kf4 79. Rg4+ Kf3 80. Rg3+ Kf4 81. Rg4+ Kf5 82. Rh4 Ra3+ 83. Kg2 Kg5 84. Rb4 Rxa5 85. Rb2 Ra3 86. Rf2 Kg4 87. Rb2 Rg3+ 88. Kh2 Rc3 89. Rb4+ Kf3 90. Rb2 Re3 91. Rc2 Re2+ 92. Rxe2 Kxe2 1/2-1/2

[Event "*** Titled Tuesday Blitz"]
[Site "Chess.com"]
[Date "2021.03.30"]
[Round "7"]
[White "AttilaTurzo"]
[Black "Nikolaj_6"]
[Result "0-1"]
[WhiteElo "2503"]
[BlackElo "2659"]
[TimeControl "180+1"]
[EndTime "11:20:39 PDT"]
[Termination "Nikolaj_6 won by resignation"]

1. d4 Nf6 2. Nf3 e6 3. Bf4 d5 4. e3 c5 5. c3 Bd6 6. Bg3 Qc7 7. dxc5 Qxc5 8. Nbd2 Nbd7 9. Bd3 b6 10. e4 Bxg3 11. hxg3 Bb7 12. e5 Ne4 13. Qe2 Nxd2 14. Qxd2 h6 15. O-O a5 16. Qe2 Qc7 17. Bb5 Bc6 18.
Bd3 Bb7 19. Rfe1 Nc5 20. Bc2 O-O 21. Nd4 Ba6 22. Qe3 Rae8 23. f4 Bb7 24. g4 Ne4 25.
Nb5 Qd7 26. Bxe4 Qxb5 27. Bd3 Qc5 28. Qd4 f6 29. g3 g5 30. Kg2 Qxd4 31. cxd4 fxe5 32.
fxe5 Kg7 33. Rac1 Rc8 34. Rh1 Rxc1 35. Rxc1 Rf7 36. Rc3 Ba8 37. Rb3 Rb7 38. Rc3 Re7 39. Rc8 Bb7 40. Rb8 Rc7 41. Re8 Kf7 42. Rd8 Kg7 43.
Rd6 Kf7 44. Rxb6 Bc6 45. Ba6 a4 46. b4 axb3 47. axb3 Bd7 48. Rb7 Rc2+ 49. Kf3 Ke8 50. Bb5 Rc3+ 51. Kf2 Bxb5 52. Rxb5 Rd3 53. Rb6 Kf7 54.
Rb7+ Ke8 55. Rb6 Kd7 56. Rd6+ Ke7 57. Rb6 Rxd4 58. b4 Rxg4 59. Rb7+ Kf8 60. b5 Rb4 61. b6 h5 62. Kf3 h4 63. gxh4 gxh4 64. Rb8+ Kg7 65.
b7 Rb3+ 66. Kg4 h3 67. Re8 Rxb7 68. Kxh3 Kf7 69. Rc8 Rb4 70. Kg3 Re4 71. Rc7+ Kg6 72. Kf3 Rxe5 73. Ra7 Kf6 74. Kf4 Re4+ 75. Kf3 Ke5 76. Ra6 Rc4 77. Rb6 Rc3+ 78. Ke2 Kf5 79. Kd2 Rc4 80. Rd6 Ke5 81. Rd8 Ra4 82. Kd3 Ra3+ 83.
Ke2 Ke4 84. Kd2 d4 85. Rd7 e5 86. Ke2 Ra2+ 87. Kd1 Ke3 88. Rh7 d3 89. Rh3+ Kd4 90. Ke1 e4 91. Kd1 Rg2 92. Kc1 e3 93. Rh4+ Kc3 0-1

[Event "*** Titled Tuesday Blitz"]
[Site "Chess.com"]
[Date "2021.03.30"]
[Round "7"]
[White "scandalgod"]
[Black "Chesswizard_2007"]
[Result "1-0"]
[WhiteElo "2481"]
[BlackElo "2672"]
[TimeControl "180+1"]
[EndTime "11:20:39 PDT"]
[Termination "scandalgod won on time"]

1. d4 f5 2. e4 fxe4 3. Nc3 Nf6 4. Bg5 c6 5. f3 d5 6. Qd2 Bf5 7. O-O-O Nbd7 8. h4 h6 9. Bf4 g6 10. g4 Be6 11. Re1 Bg7 12. Nh3 Bf7 13. g5 hxg5 14. Nxg5 exf3 15. Bd3 Nf8 16. Rhf1 Rxh4 17. Nxf3 Rh5 18. Ne5 Qa5 19. Qe2 Rxe5 20. Qxe5 Ne6 21. Bxg6 Bxg6 22. Qxe6 Qd8 23. Bg5 Kf8 24. Qh3 Qc8 25.
Qe3 Qd7 26. Bh6 Bxh6 27. Qxh6+ Kf7 28. Nd1 Rg8 29. Ne3 c5 30. dxc5 d4 31. Nc4 Qc7 32.
Ne5+ Ke8 33. Nxg6 Qxc5 34. Rxe7+ Kd8 35. Rfe1 d3 36. Qd2 Kc8 37. Qxd3 Nd5 38. Re8+ Rxe8 39. Rxe8+ Kc7 40. Re1 a5 41. Qg3+ Kb6 42. Qg1 Qxg1 43. Rxg1 Nb4 44. Ne5 Nxa2+ 45. Kb1 Nb4 46. Nd3 Nc6 47.
Rg6 Kb5 48. b3 Nd4 49. Rg5+ Kb6 50. Nc5 Nc6 51. Na4+ Ka6 52. Kb2 Nb4 53. Rg6+ Ka7 54. Nc5 b6 55. Rg7+ Ka8 56. Nd7 Kb7 57. Ne5+ Ka6 58.
Nc4 b5 59. Rg6+ Ka7 60. Nxa5 Nd5 61. Nc6+ Kb7 62. Nd4 Nf4 63. Rg7+ Kb6 64. Rf7 Nd5 65. c3 Kc5 66. Rh7 Kb6 67. Rh6+ Kb7 68. Nxb5 Ne3 69.
c4 Nd1+ 70. Ka3 Ne3 71. c5 Nc2+ 72. Ka4 Ne1 73. Nd4 Nd3 74. c6+ Kb6 75. Rh7 Nc5+ 76. Kb4 Nd3+ 77. Kc3 Nf2 78. Rb7+ Ka6 79. b4 Ne4+ 80. Kb2 Nd6 81. b5+ Ka5 82. Ra7+ Kb6 83. Rd7 Nc4+ 84. Kc3 Ne3 85. Rb7+ Kc5 86. Kd3 Nd5 87.
Nb3+ Kd6 88. Rd7+ Ke6 89. Rxd5 1-0

[Event "*** Titled Tuesday Blitz"]
[Site "Chess.com"]
[Date "2021.03.30"]
[Round "7"]
[White "Danny_Billiards"]
[Black "VladDobrov"]
[Result "1/2-1/2"]
[WhiteElo "2586"]
[BlackElo "2752"]
[TimeControl "180+1"]
[EndTime "11:20:47 PDT"]
[Termination "Game drawn by repetition"]

1. e4 c5 2. Nf3 Nc6 3. Bc4 e6 4. d4 cxd4 5. Nxd4 Nf6 6. Nxc6 bxc6 7. Bd3 d5 8. Nd2 Be7 9. O-O O-O 10. Qe2 c5 11. b3 Bb7 12. Bb2 a5 13. a4 Qc7 14.
Rfe1 Bd8 15. Rad1 Qb6 16. Ba1 Rc8 17. exd5 exd5 18. Bf5 Ra8 19. Qf3 g6 20. Bh3 d4 21.
Qd3 Nd5 22. g3 Nb4 23. Qb5 Qxb5 24. axb5 Nxc2 25. Re5 a4 26. Rxc5 Nxa1 27. Rxa1 a3 28. Bg2 Bxg2 29. Kxg2 Ba5 30. Ne4 Bb4 31. Rc4 Be7 32.
Rxd4 Rfb8 33. Ra4 Rxa4 34. bxa4 Ra8 35. Nc3 Bb4 36. Nd5 Bc5 37. b6 Rxa4 38. b7 Bd6 39. Ne7+ Kg7 40. Nc6 a2 41. b8=Q Bxb8 42. Nxb8 h5 43.
Nc6 Kf6 44. Nd8 Ra3 45. Nb7 Ke5 46. Nc5 Kd4 47. Rc1 Rc3 48. Ra1 Rc2 49. Na4 Kc4 50.
Rd1 Kb3 51. Nb6 Kb2 52. Nd7 a1=Q 53. Rxa1 Kxa1 54. Ne5 Rc7 55. h4 Kb2 56. Kf3 Kc3 57.
Kf4 Kd4 58. Nf3+ Kd5 59. Kg5 Ke6 60. Nd4+ Ke7 61. Ne2 Rc5+ 62. Kf4 Kf6 63. Kf3 Rc4 64. Nf4 Ra4 65. Kg2 Kf5 66. Nh3 f6 67. Ng1 g5 68.
hxg5 fxg5 69. Nf3 Ra2 70. Ne1 Ke4 71. Nf3 Kf5 72. Nd4+ Ke5 73. Nf3+ Kf6 74. Nd4 g4 75. Nb5 Ke5 76. Nc3 Rc2 77. Nd1 Re2 78. Ne3 Rxe3 79.
fxe3 Ke4 80. Kf2 Kd3 81. e4 Kxe4 82. Ke2 Kd4 83. Kd2 Kc4 84. Ke3 Kd5 85. Kf4 Ke6 86.
Kg5 Ke5 87. Kxh5 Kf5 88. Kh4 Kf6 89. Kxg4 Kg6 90. Kf4 Kf6 91. g4 Kg6 92. Kf3 Kg5 93. Kg3 Kg6 94. Kf4 Kf6 95. g5+ Kg6 96. Kg4 Kg7 97.
Kf5 Kf7 98. g6+ Kg7 99. Kg5 Kg8 100. Kh6 Kh8 101. Kh5 Kg7 102. Kg5 Kg8 103. Kg4 Kg7 104. Kf5 Kg8 105. Kf4 Kg7 106. Kg5 1/2-1/2

[Event "*** Titled Tuesday Blitz"]
[Site "Chess.com"]
[Date "2021.03.30"]
[Round "7"]
[White "SaraciNderim"]
[Black "igorkovalenko"]
[Result "0-1"]
[WhiteElo "2812"]
[BlackElo "2958"]
[TimeControl "180+1"]
[EndTime "11:20:52 PDT"]
[Termination "igorkovalenko won by resignation"]

1. d4 d5 2. Nf3 e6 3. c4 Nf6 4.
Nc3 c6 5. Bg5 Nbd7 6. e3 h6 7. Bh4 Be7 8. Be2 O-O 9. O-O b6 10.
Qc2 Bb7 11. Rfd1 Rc8 12. Rac1 Re8 13. b3 a6 14. e4 dxe4 15. Nxe4 Nxe4 16. Bxe7 Qxe7 17.
Qxe4 Nf6 18. Qe3 c5 19. dxc5 Qxc5 20. Qxc5 bxc5 21. Ne5 Rc7 22. Rd6 Kf8 23. f3 Ke7 24.
Rcd1 Ra8 25. a3 a5 26. Kf2 Ra6 27. R6d2 Rb6 28. Rb2 Bc6 29. Rdb1 Kd6 30. Nxc6 Kxc6 31.
b4 axb4 32. axb4 cxb4 33. Rxb4 Rxb4 34. Rxb4 Nd7 35. f4 Kc5 36. Rb1 Ra7 37. Ke3 Ra3+ 38. Bd3 Kd6 39. Kd4 f6 40. c5+ Nxc5 41. Rb6+ Kc7 42.
Kxc5 Rc3+ 43. Kb4 Rxd3 44. Rxe6 Kd7 45. Re2 Rd4+ 46. Kc3 Rxf4 47. Kd3 Rf5 48. Ra2 Ke6 49. Ke3 h5 50. g3 g5 51. h3 Kf7 52. Ra4 Kg6 53. Ke2 Kf7 54. Rb4 Ke6 55. Rb7 Re5+ 56. Kf2 Kf5 57. Rb4 Re4 58. Rb5+ Kg6 59. Rb8 Ra4 60.
Rb2 Kf5 61. Rb5+ Ke4 62. Rb2 Rc4 63. Re2+ Kf5 64. Rb2 h4 65. Rb3 hxg3+ 66. Kxg3 Kg6 67.
Rb6 Kf5 68. Rb5+ Kg6 69. Rb3 Re4 70. Rc3 f5 71. Rc6+ Kh5 72. Rc8 Re3+ 73. Kg2 f4 74. Rh8+ Kg6 75. Rg8+ Kf6 76. h4 Rg3+ 77. Kf2 gxh4 78.
Rf8+ Ke5 79. Re8+ Kf5 80. Ra8 h3 81. Rh8 Ra3 82. Rh7 h2 83. Rxh2 Ke4 84. Rh8 Ra2+ 85. Kf1 Ke3 86. Rf8 Kf3 87. Kg1 Rb2 88. Kh1 Rc2 89.
Kg1 Rg2+ 90. Kf1 Rh2 91. Kg1 Rd2 92. Kh1 Kg3 93. Rg8+ Kf2 94. Ra8 f3 95. Kh2 Ke1+ 96. Kg1 f2+ 0-1

[Event "*** Titled Tuesday Blitz"]
[Site "Chess.com"]
[Date "2021.03.30"]
[Round "7"]
[White "Oglob71"]
[Black "picturesquecheck"]
[Result "0-1"]
[WhiteElo "2388"]
[BlackElo "2274"]
[TimeControl "180+1"]
[EndTime "11:20:59 PDT"]
[Termination "picturesquecheck won by checkmate"]

1. d4 Nf6 2. Nf3 e6 3. c4 d5 4. Qc2 Bb4+ 5. Nbd2 O-O 6. g3 c6 7. Bg2 b6 8. O-O Bb7 9. a3 Be7 10. b4 Nbd7 11. Bb2 Rc8 12. Rac1 c5 13. dxc5 bxc5 14. b5 d4 15. Rfd1 Qc7 16. a4 Rfe8 17. Ne1 Bxg2 18. Nxg2 e5 19. e4 g6 20. Ne1 Bf8 21.
Nd3 Bd6 22. Rb1 Qb7 23. Bc1 Nxe4 24. Nxe4 Qxe4 25. Ne1 Qxc2 26. Nxc2 e4 27. a5 Ne5 28. Na3 Rb8 29. Kg2 Bc7 30. b6 axb6 31. a6 Ra8 32. Nb5 Bb8 33. Ra1 Nxc4 34. a7 Be5 35. Bf4 Bxf4 36. gxf4 Re7 37. Ra6 e3 38. Ra4 Na5 39. fxe3 dxe3 40. Kf3 Kg7 41. Re1 Rexa7 42. Nxa7 Rxa7 43.
Rxe3 Rd7 44. Rae4 Nc6 45. f5 Rd4 46. fxg6 hxg6 47. Re8 Rd5 48. Rc8 Nd4+ 49. Kg2 Rg5+ 50. Kf2 Rf5+ 51. Kg2 b5 52. Ree8 b4 53. Rg8+ Kf6 54.
Rb8 b3 55. Rgc8 Kg5 56. Kg3 Rf3+ 57. Kg2 Rc3 58. Rc7 f5 59. Rb6 Rc2+ 60. Kg3 c4 61. Rd7 Ne2+ 62. Kf3 Ng1+ 63. Ke3 Rxh2 64. Rdd6 Rh3+ 65.
Kf2 Nf3 66. Rxg6+ Kf4 67. Rgc6 Rh2+ 68. Kf1 Rc2 69. Rb4 Nd2+ 70. Ke2 b2 71. Kd1 Rc1+ 72. Kxd2 b1=Q 73. Rxb1 Rxb1 74. Rxc4+ Kg5 75. Ke2 Rb7 76. Kf2 Re7 77. Rc3 Re4 78. Ra3 Kf4 79. Rf3+ Kg4 80. Rg3+ Kh4 81. Rf3 Kg5 82. Rg3+ Kf4 83. Rf3+ Ke5 84.
Ra3 Rf4+ 85. Rf3 Ke4 86. Rxf4+ Kxf4 87. Kg2 Ke3 88. Kf1 f4 89. Ke1 f3 90. Kf1 f2 91.
Kg2 Ke2 92. Kh2 f1=Q 93. Kg3 Qf3+ 94. Kh2 Qg4 95. Kh1 Kf2 96. Kh2 Qh5# 0-1

[Event "*** Titled Tuesday Blitz"]
[Site "Chess.com"]
[Date "2021.03.30"]
[Round "7"]
[White "Vaathi_Coming"]
[Black "deribas12345"]
[Result "1/2-1/2"]
[WhiteElo "2795"]
[BlackElo "2609"]
[TimeControl "180+1"]
[EndTime "11:21:05 PDT"]
[Termination "Game drawn - insufficient material"]

1. e3 c5 2. e4 e6 3. Nf3 d5 4.
exd5 exd5 5. Bb5+ Nc6 6. O-O Bd6 7. d4 c4 8. b3 cxb3 9. axb3 Ne7 10. Bg5 f6 11. Bh4 O-O 12. Bg3 Bxg3 13. hxg3 Bg4 14. Be2 Nf5 15. c3 Re8 16. Nbd2 Nd6 17. Re1 Ne4 18. Nxe4 dxe4 19. Nd2 Bxe2 20. Qxe2 f5 21. Qb5 Qf6 22. Nc4 Rab8 23. Ne3 Rf8 24. b4 Kh8 25. Qe2 a6 26. b5 axb5 27. Qxb5 f4 28. gxf4 Qxf4 29.
Re2 h6 30. Rb2 Ra8 31. Rxa8 Rxa8 32. Qxb7 Rb8 33. Qxc6 Rxb2 34. Qc8+ Kh7 35. Qf5+ Qxf5 36. Nxf5 Rb1+ 37. Kh2 Rc1 38. Ng3 Rxc3 39. Nxe4 Rc4 40. f3 Rxd4 41. g4 Kg6 42. Kg3 Ra4 43. Nf2 Kf6 44. Nd3 g5 45. Kf2 Ra5 46. Ke3 Kg6 47. Nf2 h5 48. gxh5+ Kxh5 49. Ne4 Kh4 50. Kf2 Ra3 51.
Kg2 Ra2+ 52. Kf1 Kh5 53. Ng3+ Kg6 54. Ne2 Kf5 55. Kf2 Rb2 56. Ke3 Kg6 57. Ng3 Rb3+ 58. Kf2 Kf6 59. Ne4+ Kf5 60. Ng3+ Ke5 61. Ne2 Rb2 62. Ke3 Ra2 63. f4+ gxf4+ 64. Nxf4 Ra3+ 65. Nd3+ Kd5 66. Ke2 Kd4 67. Nf2 Re3+ 68. Kd2 Re6 69. Nd3 Rh6 70. Nf2 Re6 71. Nd3 Re7 72. Nf2 Ra7 73. Ke2 Re7+ 74. Kf3 Rf7+ 75. Ke2 Ke5 76. Nd3+ Ke4 77. Nf2+ Kd4 78. Nd1 Re7+ 79. Kd2 Ra7 80. Ke2 Ra2+ 81. Kf3 Ra1 82. Nf2 Ra3+ 83.
Ke2 Ra8 84. Ng4 Rf8 85. Nf2 Re8+ 86. Kf3 Ke5 87. Nd3+ Kf5 88. Nf2 Ra8 89. Ke3 Ra4 90.
Nd3 Ra3 91. Kd4 Ke6 92. Nc5+ Kd6 93. Nd3 Kc6 94. Ne5+ Kb5 95. Nd3 Ra1 96. Ke3 Kc4 97.
Ne5+ Kc3 98. Nf3 Ra8 99. Ke4 Rd8 100. Ne5 Rd4+ 101. Ke3 Re4+ 102. Kxe4 1/2-1/2

[Event "*** Titled Tuesday Blitz"]
[Site "Chess.com"]
[Date "2021.03.30"]
[Round "7"]
[White "XDPS"]
[Black "WPWPWP-2015"]
[Result "0-1"]
[WhiteElo "2750"]
[BlackElo "2474"]
[TimeControl "180+1"]
[EndTime "11:21:20 PDT"]
[Termination "WPWPWP-2015 won by checkmate"]

1. d4 Nf6 2. Bf4 b6 3. e3 Bb7 4. Nf3 e6 5. Be2 Be7 6. h3 O-O 7. O-O d6 8. c4 Nbd7 9. Nc3 Re8 10. Qc2 Nf8 11. Rfd1 Ng6 12. Bh2 Qd7 13. b4 a6 14. a4 Rad8 15. Nd2 Qc8 16. Nb3 Qa8 17. Bf1 Ne4 18. a5 Nh4 19. Ne2 Ng5 20. Nf4 Ngf3+ 21. Kh1 g5 22. d5 Nxh2 23. Kxh2 gxf4 24. e4 Bf6 25. Ra3 Be5 26. Kh1 Qc8 27. Nd2 Qd7 28. Rd3 Qe7 29. Qb3 Kh8 30. Rc1 Rb8 31. Qd1 Qg5 32.
axb6 cxb6 33. c5 bxc5 34. bxc5 dxc5 35. Rxc5 exd5 36. exd5 Bd6 37. Rc4 Qg6 38. Nf3 Nxf3 39. Rxf3 Rbd8 40. Rd4 Qf6 41. Rdd3 Be5 42. Qa4 Re7 43. d6 Bxd6 44. Rxf4 Qxf4 45. Qxf4 Bxf4 46. Rxd8+ Kg7 47. Kg1 Be5 48. Rd3 Be4 49. Re3 Bb7 50.
Ra3 Bd6 51. Ra5 Bb4 52. Rg5+ Kf6 53. Rg4 a5 54. Rf4+ Kg7 55. Rg4+ Kf8 56. Rh4 f6 57. Rd4 Be4 58. Kh2 Kg7 59. f3 Bg6 60. Bb5 Bf7 61. Rg4+ Kf8 62. Rd4 h5 63. Rd8+ Kg7 64. Rd4 Re5 65.
Ba4 Rd5 66. Rf4 Rd2 67. Re4 Bd6+ 68. Kg1 Bd5 69. Rh4 Bc5+ 70. Kh2 Bf7 71. Re4 Bd6+ 72. Kg1 Be5 73. Re1 Rd4 74. Bc6 h4 75. Rb1 Rc4 76.
Bb5 Rb4 77. Rxb4 axb4 78. Bd3 Bg3 79. Kf1 Bg6 80. Bc4 Bf5 81. Ke2 Kh6 82. Kd2 Kg5 83. Ke3 Bf4+ 84. Ke2 Be5 85. Bb3 Bd4 86. Kf1 Kf4 87.
Ke2 Kg3 88. Kf1 Bd3+ 89. Ke1 Be3 90. Bd5 f5 91. Bc6 f4 92. Ba4 Kxg2 93. Bb3 Kxf3 94. Bd5+ Kg3 95. Be6 Kg2 96. Bd5+ Kxh3 97. Kd1 Kg3 98. Ke1 h3 99. Kd1 h2 100. Bh1 b3 101. Ke1 b2 102. Bf3 b1=Q+ 103. Bd1 h1=Q# 0-1

[Event "*** Titled Tuesday Blitz"]
[Site "Chess.com"]
[Date "2021.03.30"]
[Round "8"]
[White "Arvids_Andrejevs"]
[Black "northridgehawk"]
[Result "1-0"]
[WhiteElo "2444"]
[BlackElo "2304"]
[TimeControl "180+1"]
[EndTime "11:23:19 PDT"]
[Termination "Arvids_Andrejevs won by checkmate"]

1. e4 e5 2. Nf3 Nc6 3. Nc3 Nf6 4. Bb5 a6 5. Bxc6 dxc6 6. Nxe5 Bb4 7.
O-O Bxc3 8. bxc3 O-O 9. d3 Re8 10. Nf3 Bg4 11. h3 Be6 12. Bg5 h6 13. Bh4 g5 14. Nxg5 hxg5 15. Bxg5 Bc8 16. f4 Qd6 17. e5 Qc5+ 18. d4 Qxc3 19. Bxf6 Re6 20. Qg4+ Kf8 21. Qg7+ Ke8 22. Qg8+ Kd7 23. Qd8# 1-0

[Event "*** Titled Tuesday Blitz"]
[Site "Chess.com"]
[Date "2021.03.30"]
[Round "8"]
[White "MerryPoppies"]
[Black "Nemsko"]
[Result "1-0"]
[WhiteElo "2230"]
[BlackElo "2306"]
[TimeControl "180+1"]
[EndTime "11:23:24 PDT"]
[Termination "MerryPoppies won by resignation"]

1. d4 Nf6 2. c4 g6 3. Nc3 d5 4. Nf3 Bg7 5. e3 O-O 6. cxd5 Nxd5 7. Bc4 Nxc3 8. bxc3 c5 9. O-O Qa5 10. Qb3 Bg4 11. Ng5 e6 12. Qxb7 cxd4 13. exd4 Qxg5 14. Bxg5 1-0

[Event "*** Titled Tuesday Blitz"]
[Site "Chess.com"]
[Date "2021.03.30"]
[Round "8"]
[White "Trankuilizer"]
[Black "ljuks68"]
[Result "1-0"]
[WhiteElo "2594"]
[BlackElo "2477"]
[TimeControl "180+1"]
[EndTime "11:24:08 PDT"]
[Termination "Trankuilizer won by resignation"]

1. e4 e6 2. d4 d5 3. Nd2 Nf6 4. e5 Nfd7 5. f4 c5 6. c3 Nc6 7.
Ndf3 Qb6 8. g3 cxd4 9. cxd4 f6 10. Bh3 Be7 11. Ne2 fxe5 12. fxe5 O-O 13. Nf4 Bb4+ 14.
Kf1 g5 15. Nxg5 Nxd4 16. Qh5 1-0

[Event "*** Titled Tuesday Blitz"]
[Site "Chess.com"]
[Date "2021.03.30"]
[Round "8"]
[White "liczner"]
[Black "Supernotar"]
[Result "1-0"]
[WhiteElo "2826"]
[BlackElo "2717"]
[TimeControl "180+1"]
[EndTime "11:24:14 PDT"]
[Termination "liczner won by resignation"]

1. e4 c6 2. d4 d5 3. Nc3 dxe4 4. Nxe4 Bf5 5. Ng3 Bg6 6. h4 h6 7. Nf3 Nd7 8. h5 Bh7 9. Bd3 Bxd3 10. Qxd3 e6 11.
Bd2 Ngf6 12. O-O-O Be7 13. Qe2 O-O 14. Kb1 c5 15. d5 Nxd5 16. Ne4 Qc7 17. g4 Nf4 18. Bxf4 Qxf4 19. Rxd7 Rfe8 20. Qe3 Qxg4 21. Rg1 Qf5 22. Qxh6 Bf8 23. Nf6+ 1-0

[Event "*** Titled Tuesday Blitz"]
[Site "Chess.com"]
[Date "2021.03.30"]
[Round "8"]
[White "canary2016"]
[Black "ChessFunMaker"]
[Result "0-1"]
[WhiteElo "2024"]
[BlackElo "2251"]
[TimeControl "180+1"]
[EndTime "11:24:35 PDT"]
[Termination "ChessFunMaker won by checkmate"]

1. d4 Nf6 2. c4 d6 3. Nf3 g6 4. g3 Bg7 5. Bg2 O-O 6. O-O Nc6 7. Nc3 e5 8. e4 Bg4 9. Be3 exd4 10. Bxd4 Nxd4 11. Qxd4 Re8 12. Rfe1 Nxe4 13. Qd2 Nxd2 14. Nxd2 Rxe1+ 15. Rxe1 Bxc3 16. bxc3 Qf6 17. Bxb7 Qxc3 18.
Bxa8 Qxd2 19. Re8+ Kg7 20. Bd5 Bh3 21. f4 Qd4+ 22.
Kh1 Qd1+ 23. Re1 Qxe1# 0-1

[Event "*** Titled Tuesday Blitz"]
[Site "Chess.com"]
[Date "2021.03.30"]
[Round "8"]
[White "Perecke"]
[Black "korkmaz16"]
[Result "1-0"]
[WhiteElo "2303"]
[BlackElo "2457"]
[TimeControl "180+1"]
[EndTime "11:24:41 PDT"]
[Termination "Perecke won by resignation"]

1. e4 e6 2. d4 d5 3. Nc3 Nf6 4. e5 Nfd7 5. Nce2 c5 6. c3 Nc6 7. f4 Qb6 8. Nf3 f6 9. g3 cxd4 10. Nexd4 fxe5 11. fxe5 Ndxe5 12. Nxe5 Nxe5 13. Qh5+ Nf7 14.
Bb5+ Ke7 15. O-O g6 16. Qh4+ Kd6 17. Rxf7 1-0

[Event "*** Titled Tuesday Blitz"]
[Site "Chess.com"]
[Date "2021.03.30"]
[Round "8"]
[White "ChristopherYoo"]
[Black "Aradhya2000"]
[Result "1-0"]
[WhiteElo "2908"]
[BlackElo "2582"]
[TimeControl "180+1"]
[EndTime "11:24:49 PDT"]
[Termination "ChristopherYoo won by checkmate"]

1. e4 e5 2. Nf3 Nc6 3. Bb5 a6 4.
Ba4 Nf6 5. d4 exd4 6. O-O Be7 7.
e5 Ne4 8. Nxd4 Nc5 9. Nf5 d5 10.
Nxg7+ Kf8 11. Bh6 Kg8 12. Nc3 Nxa4 13. Nxd5 Nb6 14. Nxe7+ Qxe7 15. Nh5 Nxe5 16. Re1 Bg4 17. Qd4 Bxh5 18. Rxe5 Qd6 19. Rg5+ Bg6 20. Qg7# 1-0

[Event "*** Titled Tuesday Blitz"]
[Site "Chess.com"]
[Date "2021.03.30"]
[Round "8"]
[White "GAusal"]
[Black "ElCoachRene"]
[Result "1-0"]
[WhiteElo "2061"]
[BlackElo "2217"]
[TimeControl "180+1"]
[EndTime "11:24:57 PDT"]
[Termination "GAusal won by checkmate"]

1. e4 Nc6 2. d4 d5 3. exd5 Qxd5 4. Nf3 Bg4 5. Nc3 Qf5 6. d5 O-O-O 7. Bd3 Qh5 8. dxc6 Bxf3 9. Qxf3 Qe5+ 10. Be3 Nf6 11.
O-O-O e6 12. Bxa7 bxc6 13. Ba6# 1-0

[Event "*** Titled Tuesday Blitz"]
[Site "Chess.com"]
[Date "2021.03.30"]
[Round "8"]
[White "Rital44"]
[Black "FeketeBarika"]
[Result "1-0"]
[WhiteElo "2439"]
[BlackElo "2288"]
[TimeControl "180+1"]
[EndTime "11:24:58 PDT"]
[Termination "Rital44 won by resignation"]

1. e4 e6 2. d4 d5 3. e5 c5 4. c3 Nc6 5. Nf3 Bd7 6. Bd3 cxd4 7. cxd4 Nh6 8. O-O f6 9. Bxh6 gxh6 10. Re1 Bg7 11.
exf6 Qxf6 12. Ne5 Nxe5 13. dxe5 Qf7 14. Nd2 O-O 15. Nf3 Qh5 16. Rc1 Bc6 17. Bb1 d4 18. Nxd4 Qh4 19. g3 Qg5 20. Nxc6 bxc6 21. Qd3 Rf5 22. f4 Rxf4 23. Qxh7+ Kf7 24. Rf1 Rxf1+ 25. Rxf1+ Ke7 26. Bg6 Qxe5 27. Rf7+ Kd6 28. Qxg7 Qe1+ 29.
Rf1 Qe3+ 30. Kg2 1-0

[Event "*** Titled Tuesday Blitz"]
[Site "Chess.com"]
[Date "2021.03.30"]
[Round "8"]
[White "zacachess"]
[Black "reniite"]
[Result "1-0"]
[WhiteElo "2391"]
[BlackElo "2011"]
[TimeControl "180+1"]
[EndTime "11:25:03 PDT"]
[Termination "zacachess won by resignation"]

1. e4 e5 2. Nf3 Nc6 3. d4 exd4 4. Nxd4 Nf6 5. Nc3 Bb4 6. Nxc6 bxc6 7. Bd3 O-O 8. O-O d5 9. exd5 cxd5 10. Bg5 c6 11. Qf3 Bd6 12. h3 Rb8 13. Rab1 h6 14. Bf4 Qc7 15. Bxh6 Be5 16. Bg5 Nh7 17. Bd2 g6 18. Rfe1 Bg7 19. Bf4 1-0

[Event "*** Titled Tuesday Blitz"]
[Site "Chess.com"]
[Date "2021.03.30"]
[Round "8"]
[White "AniJak"]
[Black "Zq1"]
[Result "0-1"]
[WhiteElo "2305"]
[BlackElo "2522"]
[TimeControl "180+1"]
[EndTime "11:25:07 PDT"]
[Termination "Zq1 won by resignation"]

1. e4 c5 2. Nc3 g6 3. g3 Bg7 4. Bg2 Nc6 5. d3 d6 6. Nh3 Rb8 7. O-O b5 8. Be3 b4 9. Na4 Bd7 10. Rb1 Qa5 11. b3 Nd4 12. f4 Bxa4 13. bxa4 Qxa4 14.
Rf2 Nb5 15. Qg4 Nf6 16. Qg5 Nc3 17. Rbf1 h5 18. Qh4 Ng4 19. Rf3 Nxe3 20. Rxe3 Bd4 0-1

[Event "*** Titled Tuesday Blitz"]
[Site "Chess.com"]
[Date "2021.03.30"]
[Round "8"]
[White "chess94cu"]
[Black "slavenok"]
[Result "1-0"]
[WhiteElo "2612"]
[BlackElo "2739"]
[TimeControl "180+1"]
[EndTime "11:25:14 PDT"]
[Termination "chess94cu won by resignation"]

1. d4 Nf6 2. c4 e6 3. Nf3 d5 4. Nc3 Bb4 5. cxd5 Nxd5 6. Bg5 f6 7. Bd2 O-O 8. e4 Nxc3 9. bxc3 Be7 10. Bc4 c5 11. Qb3 Qb6 12. O-O cxd4 13. cxd4 Kh8 14. Qxb6 axb6 15. Rab1 e5 16. dxe5 fxe5 17. Nxe5 g6 18.
Bc3 Bf6 19. Rxb6 Kg7 20. Rd1 Nc6 21. f4 Bxe5 22. fxe5 Bg4 23. Rxb7+ 1-0

[Event "*** Titled Tuesday Blitz"]
[Site "Chess.com"]
[Date "2021.03.30"]
[Round "8"]
[White "ApoIogiA"]
[Black "dosto07"]
[Result "0-1"]
[WhiteElo "2199"]
[BlackElo "2416"]
[TimeControl "180+1"]
[EndTime "11:25:21 PDT"]
[Termination "dosto07 won by resignation"]

1. d4 d5 2. c4 dxc4 3. e4 e5 4.
Nf3 exd4 5. Qxd4 Qxd4 6. Nxd4 Nf6 7. Nc3 Bc5 8. Nc2 Be6 9. f3 Nc6 10. Bf4 O-O-O 11. Ne3 Nh5 12. Bg5 f6 13. Na4 Bb4+ 0-1